 Dungeon Crawl Stone Soup version 0.30-a0-222-ge547ba4400 (webtiles) character file.

Game seed: 12918676897651623084

54 MrRokkomies the Sneak (level 3, -2/32 HPs)
             Began as an Armataur Brigand on Oct 8, 2022.
             Slain by a gnoll
             ... wielding a +0 flail
              (9 damage)
             ... on level 2 of the Dungeon.
             The game lasted 00:02:16 (755 turns).

MrRokkomies the Sneak (Armataur Brigand)             Turns: 755, Time: 00:02:16

Health: -2/32      AC:  5    Str: 16    XL:     3   Next: 66%
Magic:  3/3        EV:  9    Int: 11    God:
Gold:   19         SH:  0    Dex: 13    Spells: 2/2 levels left

rFire   . . .      SeeInvis .    a - +0 short sword (distort)
rCold   . . .      Faith    .    (no shield)
rNeg    . . .      Spirit   .    b - +0 robe
rPois   .          Reflect  .    (no helmet)
rElec   .          Harm     .    c - +0 cloak
rCorr   +          Roll     +    (no gloves)
Will    .....                    (no barding)
Stlth   +++.......               (no amulet)
HPRegen 0.25/turn                g - ring of resist corrosion
MPRegen 0.08/turn                (no ring)

@: no status effects
A: large, rugged brown scales 3, deformed body, armoured tail, roll, long
tongue, awkward tongue
a: no special abilities


You were on level 2 of the Dungeon.
You visited 1 branch of the dungeon, and saw 2 of its levels.

You collected 19 gold pieces.

Inventory:

Hand Weapons
 a - a +0 short sword of distortion (weapon)
Missiles
 d - 9 poisoned darts (quivered)
 e - 3 curare-tipped darts
Armour
 b - a +0 robe (worn)
 c - a +0 cloak (worn)
Jewellery
 g - a ring of resist corrosion (left hand)
Scrolls
 f - 2 scrolls of identify {unknown}
 h - a scroll of poison {unknown}
 i - a scroll of immolation {unknown}
Potions
 j - a potion of degeneration {unknown}
 k - 3 potions of curing {unknown}
 l - a potion of experience {unknown}


   Skills:
 * Level 2.6 Fighting
 * Level 2.5 Short Blades
 - Level 1.7 Throwing
 + Level 1.1 Dodging
 + Level 4.6 Stealth


You had 2 spell levels left.
You didn't know any spells.
Your spell library was empty.

Dungeon Overview and Level Annotations

Branches:
Dungeon (2/15)

Altars:


Innate Abilities, Weirdness & Mutations

You are completely covered in rugged brown scales. (AC +3, +7% HP)
Armour fits poorly on your strangely shaped body.
You have a long armoured tail.
You roll when moving toward enemies. (Rampage)
Your long tongue fully drains potion bottles. (2x potion effects)
Your tongue gives you trouble enunciating. (1.5x scroll delay)


Message History

You roll towards the gnoll!
The gnoll shouts! x3; You hear an angry hiss.
You roll towards the gnoll!
You hit the gnoll but do no damage.
Space warps around the gnoll.
The gnoll is moderately wounded.
You hit the gnoll.
The gnoll is heavily wounded.
The gnoll blinks!
A frilled lizard comes into view.
The frilled lizard hisses angrily.
You hit the gnoll but do no damage.
The gnoll is devoured by a tear in reality.
The gnoll barely misses you.
You barely miss the gnoll.
The gnoll is heavily wounded.
The gnoll hits you but does no damage. The gnoll hits you with a +0 flail.
You hit the gnoll.
The gnoll is severely wounded.
The gnoll hits you with a +0 flail.
A frilled lizard comes into view.
The gnoll barely misses you.
You closely miss the gnoll.
The gnoll is severely wounded.
The gnoll hits you with a +0 flail! The gnoll closely misses you.
You are too injured to fight recklessly!
You are too injured to fight recklessly!
You are too injured to fight recklessly!
You are too injured to fight recklessly!
You hit the gnoll.
Space warps around the gnoll.
You kill the gnoll!
The gnoll hits you with a +0 flail.
You hit the gnoll but do no damage.
Space warps around the gnoll.
Your tail-slap misses the gnoll.
The gnoll is moderately wounded.
The gnoll hits you with a +0 flail!
* * * LOW HITPOINT WARNING * * *
You hit the gnoll but do no damage.
The gnoll is moderately wounded.
The gnoll hits you with a +0 flail!
You die...

. . .# ##. .#
###.####.###
#..........
#(#......#
#.#.#....# .
#.<...l#.#....
#.#...@l.....#
#?....#g......
########..####
.... ...#
..... ....
##..


You could see a gnoll and 2 frilled lizards.

Vanquished Creatures
  2 gnolls
  A dart slug (D:1)
  6 ball pythons (D:1)
  2 endoplasms (D:1)
  2 goblins (D:1)
  2 jackals (D:1)
  3 kobolds (D:1)
  2 bats (D:1)
  A rat (D:1)
21 creatures vanquished.

Notes
Turn   | Place    | Note
-------+----------+-------------------------------------------
     0 | D:1      | MrRokkomies the Armataur Brigand began the quest for the
                  | Orb.
     0 | D:1      | Reached XP level 1. HP: 18/18 MP: 1/1
   108 | D:1      | Reached XP level 2. HP: 25/25 MP: 2/2
   114 | D:1      | Reached skill level 1 in Dodging
   319 | D:1      | Reached XP level 3. HP: 25/32 MP: 3/3
   376 | D:1      | Found a faded altar of an unknown god.
   755 | D:2      | Slain by a gnoll

Illustrated notes

Levels and vault maps discovered:
D:1:      dpeg_arrival_lava_temple_mockup, layout_basic,
          shapermc_ecumenical_altar_totnotflames, minmay_tromino_i2
D:2:      layout_basic

Skill      XL: |  1  2 |
---------------+-------+-----
Fighting       | 2 |  2.6
Short Blades   | 2 |  2.5
Dodging        | 1 |  1.1
Throwing       | |  1.7
Stealth        | |  4.6

Action                   || total
-------------------------++-------
Melee: Dagger            ||     8
       Short sword       ||    39
       Tailslap          ||     3
 Stab: Sleeping          ||     7
Armor: Robe              ||    12
Dodge: Dodged            ||    19

Table legend: (Time is in decaauts)
 A = Elapsed time spent in this place.
 B = Non-inter-level travel time spent in this place.
 C = Inter-level travel time spent in this place.
 D = Time resting spent in this place.
 E = Time spent auto-exploring this place.
 F = Levels seen in this place.
 G = Mean time per level.
                   A        B        C        D        E       F      G
               +--------+--------+--------+--------+--------+-----+--------+
         Total |    748 |    714 |     34 |      0 |    582 |   2 |  374.0 |
       Dungeon |    748 |    714 |     34 |      0 |    582 |   2 |  374.0 |
               +--------+--------+--------+--------+--------+-----+--------+

Top non-repeatable levels by time:
     D:1: 739 daAuts
     D:2: 9 daAuts
